 Dungeon Crawl Stone Soup version 0.29.1-2-gbd0b4ee654 (webtiles) character file.

Game seed: 14587265565840123102

31 kingsuperguy the Chopper (level 3, -4/33 HPs)
             Began as a Hill Orc Monk on Nov 19, 2022.
             Killed from afar by a white imp (5 damage)
             ... with a puff of frost
             ... summoned by Natasha
             ... on level 2 of the Dungeon.
             The game lasted 00:01:22 (1878 turns).

kingsuperguy the Chopper (Hill Orc Monk)            Turns: 1878, Time: 00:01:23

Health: -4/33      AC:  3    Str: 15    XL:     3   Next: 22%
Magic:  3/3        EV: 12    Int: 10    God:
Gold:   49         SH:  0    Dex: 13    Spells: 2/2 levels left

rFire   . . .      SeeInvis .   a - +0 hand axe
rCold   . . .      Faith    .   (no shield)
rNeg    . . .      Spirit   .   b - +0 robe
rPois   .          Reflect  .   (no helmet)
rElec   .          Harm     .   (no cloak)
rCorr   .          Rampage  .   (no gloves)
Will    .....                   g - +0 pair of boots
Stlth   ++........              (no amulet)
HPRegen 0.11/turn               (no ring)
MPRegen 0.08/turn               (no ring)

@: slowed, very slow
A: no striking features
a: no special abilities


You were on level 2 of the Dungeon.
You visited 1 branch of the dungeon, and saw 2 of its levels.

You collected 49 gold pieces.

Inventory:

Hand Weapons
 a - a +0 hand axe (weapon)
Armour
 b - a +0 robe (worn)
 g - a +0 pair of boots (worn)
Jewellery
 f - a ring of see invisible
Scrolls
 d - a scroll of fear {unknown}
 e - 2 scrolls of identify {unknown}
 h - 2 scrolls of teleportation {unknown}
 i - a scroll of summoning {unknown}
Potions
 c - a potion of ambrosia


   Skills:
 + Level 4.0 Fighting
 + Level 4.7 Axes
 + Level 2.7 Dodging
 + Level 1.7 Stealth


You had 2 spell levels left.
You didn't know any spells.
Your spell library was empty.

Dungeon Overview and Level Annotations

Branches:
Dungeon (2/15)

Altars:

Shops:
D:2 (

Annotations:
D:2 Natasha


Message History

Natasha mumbles some strange words.
You hit Natasha.
Natasha is moderately wounded.
Natasha hisses.
Natasha closely misses you. The white imp gestures at you.
The puff of frost hits you!
You hit Natasha.
Natasha is heavily wounded.
Natasha claws you.
You barely miss Natasha.
Natasha is heavily wounded.
You barely miss the white imp.
Natasha stares at you and mumbles some strange words.
You feel yourself slow down. The white imp hits you. The white imp freezes you.
You barely miss Natasha.
Natasha is heavily wounded.
You hit the white imp. Natasha barely misses you.
The white imp barely misses you. Natasha claws you but does no damage.
The rat closely misses you. The white imp closely misses you.
You hit Natasha.
Natasha is almost dead.
You completely miss the white imp. You hit the rat.
You kill the rat!
Natasha claws you but does no damage. The white imp hits you.
The white imp freezes you.
Natasha mumbles some strange words.
You barely miss Natasha.
Natasha is almost dead.
You barely miss the white imp.
The white imp shouts, "Take thy face hence, thou ducking tickle-brained bandersnitch!"
The white imp gestures at you. The puff of frost hits you!
* * * LOW HITPOINT WARNING * * *
Natasha stares at you and mumbles some strange words.
The magic dart hits you.
* * * LOW HITPOINT WARNING * * *
The white imp gestures at you. The puff of frost hits you.
You die...

..# ..# ..# ###.##
# #.5..#
######.##....#
#......##..5h######
#...##..###@....?..
#..#.#.#.....######
#.###..?.....#
#†.#.#.#.#..##
#...##.#.#..#
#<.....!....#
##.#######<## #.#
∩... #.# ..).#


You could see an iron imp (summoned), Natasha and a white imp (summoned).

Vanquished Creatures
  A dart slug (D:1)
  4 endoplasms (D:1)
  3 goblins (D:1)
  3 hobgoblins (D:1)
  3 quokkas (D:1)
  2 ball pythons (D:1)
  4 kobolds (D:1)
  6 rats
26 creatures vanquished.

Notes
Turn   | Place    | Note
-------+----------+-------------------------------------------
     0 | D:1      | kingsuperguy the Hill Orc Monk began the quest for the Orb.
     0 | D:1      | Reached XP level 1. HP: 19/19 MP: 1/1
   403 | D:1      | Reached XP level 2. HP: 9/27 MP: 2/2
  1117 | D:1      | Reached XP level 3. HP: 33/33 MP: 3/3
  1866 | D:2      | Noticed Natasha
  1870 | D:2      | Found Cawoez's Antique Weapon Shoppe.
  1878 | D:2      | HP: 1/33 [Natasha/magic dart (4)]
  1878 | D:2      | Killed from afar by a white imp

Illustrated notes

Levels and vault maps discovered:
D:1:      lightli_arrival_flooded_house, layout_basic
D:2:      layout_loops_cross, chequers_ecumenical_altar_simple_redux,
          serial_shops, shop, shop, shop_fountains, serial_park_tiny_pond,
          uniq_natasha

Skill      XL: |  1  2 |
---------------+-------+-----
Fighting       | 4 |  4.0
Axes           | |  4.7
Dodging        | |  2.7
Stealth        | |  1.7

Action                   || total
-------------------------++-------
Melee: Hand axe          ||    71
       Punch             ||     3
 Stab: Sleeping          ||     7
Armor: Robe              ||    12
Dodge: Dodged            ||    37
